 Dungeon Crawl Stone Soup version 0.32-a0-422-g28b100f618 (webtiles) character file.

Game seed: 13461615140811605164

4 shadowstone the Firebug (level 1, 0/14 HPs)
             Began as a Mountain Dwarf Fire Elementalist on Feb 21, 2024.
             Constricted to death by a ball python (1 damage)
             ... on level 1 of the Dungeon.
             The game lasted 00:01:03 (197 turns).

shadowstone the Firebug (MDFE)                       Turns: 197, Time: 00:01:03

Health: 0/14       AC:  2    Str: 10    XL:     1   Next: 58%
Magic:  2/3        EV:  8    Int: 15    God:
Gold:   26         SH:  0    Dex: 10    Spells: 2/3 levels left

rFire   . . .        c - +1 dagger (protect)
rCold   . . .        (no shield)
rNeg    . . .        a - +0 robe
rPois   .            (no helmet)
rElec   .            (no cloak)
rCorr   .            (no gloves)
SInv    .            (no boots)
Will    .....        (no amulet)
Stlth   ++           (no ring)
HPRegen 0.22/turn    (no ring)
MPRegen 0.08/turn

%: no passive effects
@: constricted
A: runic magic, artefact enchanting
a: no special abilities


You were on level 1 of the Dungeon.
You visited 1 branch of the dungeon, and saw 1 of its levels.

You collected 26 gold pieces.

Inventory:

Hand Weapons
 c - a +1 dagger of protection (weapon)
Armour
 a - a +0 robe (worn)
Scrolls
 e - a scroll of vulnerability {unknown}
Potions
 b - a potion of magic
 d - a potion of cancellation {unknown}


   Skills:
 + Level 1.3 Dodging
 + Level 1.4 Stealth
 + Level 1.7 Spellcasting
 + Level 0.8 Conjurations
 + Level 4.1 Fire Magic


You had 2 spell levels left.
You knew the following spells:

 Your Spells              Type           Power      Damage    Failure   Level
a - Foxfire               Conj/Fire      32%        2x1d5     9%          1

Your spell library contained the following spells:

 Spells                   Type           Power      Damage    Failure   Level
 Scorch                   Fire           26%        2d6       6%          2
 Inner Flame              Hex/Fire       7%         N/A       30%         3
 Volatile Blastmotes      Fire/Tloc      14%        2d11      30%         3
 Flame Wave               Conj/Fire      8%         2d5       63%         4


Dungeon Overview and Level Annotations

Branches:
Dungeon (1/15)

Altars:


Innate Abilities, Weirdness & Mutations

Your spellcasting is much less encumbered by armour.
You can use scrolls of enchantment on lesser artefacts.


Message History

A kobold comes into view. It is wielding a +0 short sword.
The kobold shouts!
You enter the shallow water.
Moving in this stuff is going to be slow.
The kobold barely misses you. The kobold hits you but does no damage.
You conjure some foxfire!
The kobold hits you but does no damage.
You conjure some foxfire!
The foxfire hits the kobold.
The kobold is moderately wounded.
The foxfire hits the kobold.
The kobold is severely wounded.
The kobold hits you with a +0 short sword.
Your foxfire dissipates!
Found a robe.
The foxfire hits the kobold.
You kill the kobold!
Your Fire Magic skill increases to level 4!
A ball python comes into view.
You enter the shallow water.
Moving in this stuff is going to be slow.
The ball python hisses angrily.
The ball python bites you. The ball python grabs you.
The ball python constricts you.
You closely miss the ball python. The ball python barely misses you.
The ball python constricts you.
You barely miss the ball python. The ball python bites you.
The ball python constricts you.
You closely miss the ball python. The ball python bites you.
The ball python constricts you.
You closely miss the ball python. The ball python closely misses you.
The ball python constricts you. The ball python bites you.
* * * LOW HITPOINT WARNING * * *
The ball python constricts you.
You barely miss the ball python. The ball python bites you.
* * * LOW HITPOINT WARNING * * *
The ball python constricts you.
* * * LOW HITPOINT WARNING * * *
You are too injured to fight recklessly!
You barely miss the ball python. The ball python bites you.
* * * LOW HITPOINT WARNING * * *
The ball python constricts you.
You die...

≈≈≈≈.≈ ≈≈≈~# #.#
~.~.~~~~~..# #.#
≈≈≈.≈≈ ≈≈.# #.#
♣≈.≈♣ ♣≈.# #.# ~
♣≈.≈♣ ♣≈~# #.#
~≈♣♣♣≈~≈♣♣♣≈.####.#
~≈≈≈≈≈.≈≈≈≈≈)#....#
~..~.~..~..~~..####
...[..S@......##
###############


You could see a ball python.

Vanquished Creatures
  A ball python (D:1)
  2 kobolds (D:1)
3 creatures vanquished.

Vanquished Creatures (others)
  7 foxfires (D:1)
7 creatures vanquished.

Grand Total: 10 creatures vanquished

Notes
Turn   | Place    | Note
-------+----------+-------------------------------------------
     0 | D:1      | shadowstone the Mountain Dwarf Fire Elementalist began the
                  | quest for the Orb.
     0 | D:1      | Reached XP level 1. HP: 14/14 MP: 3/3
   188 | D:1      | Reached skill level 4 in Fire Magic
   197 | D:1      | Constricted to death by a ball python

Illustrated notes

Levels and vault maps discovered:
D:1:      minmay_arrival_three_doors, layout_basic, serial_shops,
          shop_fountains, kennysheep_boxes

Skill      XL: |  1 |
---------------+----+-----
Fire Magic     | 4 |  4.1
Dodging        | |  1.3
Stealth        | |  1.4
Spellcasting   | |  1.7
Conjurations   | |  0.8

Action                     || total
---------------------------++-------
  Melee: Dagger            ||     6
         Unarmed           ||     2
   Cast: Foxfire           ||     4
 Armour: Robe              ||    15
  Dodge: Dodged            ||    11

Table legend: (Time is in decaauts)
 A = Elapsed time spent in this place.
 B = Non-inter-level travel time spent in this place.
 C = Inter-level travel time spent in this place.
 D = Time resting spent in this place.
 E = Time spent auto-exploring this place.
 F = Levels seen in this place.
 G = Mean time per level.
                   A        B        C        D        E       F      G
               +--------+--------+--------+--------+--------+-----+--------+
         Total |    198 |    198 |      0 |      0 |     22 |   1 |  198.0 |
       Dungeon |    198 |    198 |      0 |      0 |     22 |   1 |  198.0 |
               +--------+--------+--------+--------+--------+-----+--------+

Top non-repeatable levels by time:
     D:1: 198 daAuts
